 Dungeon Crawl Stone Soup version 0.29-a0-553-g81b289dbe5 (webtiles) character file.

Game seed: 879111893922213382

107 Atelerd the Slasher (level 5, -2/41 HPs)
             Began as a Human Chaos Knight on June 7, 2022.
             Was a Plaything of Xom.
             Slain by an orc
             ... wielding a +0 flail
              (5 damage)
             ... on level 3 of the Dungeon.
             The game lasted 00:05:45 (2383 turns).

Atelerd the Slasher (Human Chaos Knight)            Turns: 2383, Time: 00:05:46

Health: -2/41      AC:  6    Str: 19 (22) XL:     5   Next: 11%
Magic:  5/5        EV: 11    Int: 10 (13) God:    Xom [...*..]
Gold:   164        SH:  0    Dex: 10 (12) Spells: 4/4 levels left

rFire   . . .      SeeInvis .   a - +0 falchion (chaos)
rCold   . . .      Faith    .   (no shield)
rNeg    . . .      Spirit   .   b - +3 leather armour
rPois   .          Reflect  .   (no helmet)
rElec   .          Harm     .   (no cloak)
rCorr   .          Rampage  .   (no gloves)
Will    .....                   (no boots)
Stlth   +.........              (no amulet)
HPRegen 0.13/turn               d - +6 ring of strength
MPRegen 0.09/turn               (no ring)

@: attractive
A: strong 1, MP-powered wands
a: Renounce Religion


You were on level 3 of the Dungeon.
You worshipped Xom.
You were a favourite toy of Xom.
You visited 1 branch of the dungeon, and saw 3 of its levels.

You collected 164 gold pieces.

Inventory:

Hand Weapons
 a - a +0 falchion of chaos (weapon)
Missiles
 m - 3 boomerangs
Armour
 b - a +3 leather armour (worn)
Jewellery
 d - a +6 ring of strength (left hand)
Scrolls
 e - a scroll of teleportation {unknown}
 f - a scroll of summoning {unknown}
 g - a scroll of enchant weapon
 h - a scroll of enchant armour
 i - a scroll of fog {unknown}
 k - a scroll of blinking
 l - 3 scrolls of brand weapon {unknown}
Potions
 j - a potion of cancellation
Miscellaneous
 c - a piece from Xom's chessboard (10/15) (quivered)


   Skills:
 + Level 3.5 Fighting
 + Level 4.0 Long Blades
 + Level 0.5 Throwing
 + Level 2.8 Armour
 + Level 2.0 Dodging


You had 4 spell levels left.
You didn't know any spells.
Your spell library contained the following spells:

 Spells                   Type           Power      Damage    Failure   Level
 Ensorcelled Hibernation  Hex/Ice        0%         N/A       56%         2
 Passwall                 Tmut/Erth      0%         N/A       56%         2
 Swiftness                Air            0%         N/A       80%         3


Dungeon Overview and Level Annotations

Branches:
Dungeon (3/15)

Altars:

Shops:
D:2 =

Annotations:
D:2 exclusion: downstairs


Innate Abilities, Weirdness & Mutations

Your muscles are strong. (Str +2)
You expend magic power (3 MP) to strengthen your wands.


Message History

The orc is moving more slowly.
The orc attacks as you move away! The orc hits you with a +0 war axe!
* * * LOW HITPOINT WARNING * * *
The orc stops moving altogether!
You make a move on Xom's chessboard...
The orc seems to speed up.
Press: ? - help, v - describe, . - travel
Here: an orc, wielding a +0 mace and wearing a +0 kite shield (fast)
The floor.
Okay, then.
Throw: 3 boomerangs
Press: ? - help, Shift-Dir - straight line, f - orc
Aim: an orc, wielding a +0 mace and wearing a +0 kite shield (fast, 61% to hit)
You throw a boomerang. The boomerang hits the orc.
The orc is lightly wounded.
Unknown command.
You barely miss the orc.
The orc is lightly wounded.
The orc closely misses you. x2
Unknown command.
You hit the orc. You drain the orc.
The orc is severely wounded.
The orc hits you with a +0 mace.
* * * LOW HITPOINT WARNING * * *
Unknown command.
It was a potion of degeneration.
There was something very wrong with that liquid.
You feel weakened.
You feel dopey.
You feel clumsy. The orc hits you with a +0 flail.
* * * LOW HITPOINT WARNING * * *
The orc hits you with a +0 mace.
* * * LOW HITPOINT WARNING * * *
It was a potion of attraction.
You feel attractive to monsters.
The orc drinks a potion.
The orc is healed!
The orc closely misses you.
The orc cheers repeatedly.
The orc hits you but does no damage.
You slash the orc!
You kill the orc!
The orc hits you but does no damage. The orc hits you with a +0 flail.
You die...

##......###..#...# ..#
######........#.#
...########## #######....##
............(#####.........#
.............#......o......#
...............†..)........#
....#......................#
.......>.†..)o...#.........#
............@###.....#######
.......<###########..#
.####.........##.....#
#.........##....##
#............####
#...(......#.#
#.........##.#
#..))..†..##.#
..##†..[........############


You could see an orc.

Vanquished Creatures
  4 adders
  A worm (D:2)
  2 dart slugs (D:1)
  3 orcs
  5 ball pythons
  3 bats (D:1)
  5 endoplasms
  2 giant cockroaches
  3 goblins
  12 hobgoblins
  4 kobolds
  6 quokkas
  3 frilled lizards
  4 rats
57 creatures vanquished.

Notes
Turn   | Place    | Note
-------+----------+-------------------------------------------
     0 | D:1      | Atelerd the Human Chaos Knight began the quest for the Orb.
     0 | D:1      | Reached XP level 1. HP: 18/18 MP: 1/1
    50 | D:1      | Reached XP level 2. HP: 24/24 MP: 2/2
   238 | D:1      | XOM: silly message
   336 | D:1      | XOM: silly message
   369 | D:1      | XOM: silly message
   502 | D:1      | Reached XP level 3. HP: 27/29 MP: 3/3
   807 | D:1      | XOM: noise
   815 | D:1      | XOM: noise
   871 | D:1      | XOM: noise
  1164 | D:1      | Found a faded altar of an unknown god.
  1230 | D:1      | XOM: stat loss: -1 Str (19/20)
  1271 | D:1      | XOM: noise
  1317 | D:2      | XOM: noise
  1431 | D:2      | Reached XP level 4. HP: 35/35 MP: 4/4
  1522 | D:2      | XOM: god gift: scroll labelled GAWYDAF AMN {god gift}
  1526 | D:2      | Found Yngur's One-of-a-Kind Rings.
  1871 | D:2      | XOM: 5-stop teleportation journey
  1880 | D:2      | XOM: give mutations
  1880 | D:2      | Gained mutation: You expend magic power (3 MP) to
                  | strengthen your wands. [Xom's grace]
  1880 | D:2      | Gained mutation: Your muscles are strong. (Str +2) [Xom's
                  | grace]
  1912 | D:2      | XOM: 2-stop teleportation journey
  2176 | D:3      | XOM: 2-stop teleportation journey
  2206 | D:3      | Reached XP level 5. HP: 35/41 MP: 5/5
  2280 | D:3      | Reached skill level 4 in Long Blades
  2366 | D:3      | XOM: enchant monster (good)
  2383 | D:3      | Slain by an orc

Illustrated notes

Levels and vault maps discovered:
D:1:      dpeg_arrival_court, layout_basic, shapermc_ecumenical_altar_hornbeckon
D:2:      layout_loops_ring, nicolae_shop_unique_rings
D:3:      layout_rooms

Skill      XL: |  1  2  3  4  5 |
---------------+----------------+-----
Dodging        | 2 |  2.0
Long Blades    | 4 |  4.0
Fighting       | |  3.5
Throwing       | |  0.5
Armour         | |  2.8

Action                   |  1- 3 |  4- 6 || total
-------------------------+-------+-------++-------
Melee: Falchion          |    78 |    75 ||   153
Throw: Boomerang         |       |     7 ||     7
Evoke: Piece from Xom's  |     4 |     3 ||     7
  Use: Scroll            |     1 |     4 ||     5
       Potion            |       |     2 ||     2
 Stab: Paralysed         |     1 |       ||     1
       Petrified         |     1 |       ||     1
       Sleeping          |     1 |       ||     1
Armor: Leather armour    |    23 |    23 ||    46
Dodge: Dodged            |    39 |    49 ||    88

Table legend: (Time is in decaauts)
 A = Elapsed time spent in this place.
 B = Non-inter-level travel time spent in this place.
 C = Inter-level travel time spent in this place.
 D = Time resting spent in this place.
 E = Time spent auto-exploring this place.
 F = Levels seen in this place.
 G = Mean time per level.
                   A        B        C        D        E       F      G
               +--------+--------+--------+--------+--------+-----+--------+
         Total |   2409 |   2350 |     59 |    297 |   1614 |   3 |  803.0 |
       Dungeon |   2409 |   2350 |     59 |    297 |   1614 |   3 |  803.0 |
               +--------+--------+--------+--------+--------+-----+--------+

Top non-repeatable levels by time:
     D:1: 1288 daAuts
     D:2: 886 daAuts
     D:3: 234 daAuts
